AoeStats
← LastDance

Arabia

509451887Analyzed
1v1 RM · 7d ago on Sep 26, 2026· 72m 52s· 2 players
Game mode
Random Map
Map size
Tiny (2 player)
Population
200
Speed
Normal
Resources
Standard
Victory
Conquest
Starting age
Dark Age
Ending age
Imperial Age
RankedLock teamsTeams togetherTeam positionsShared explorationLock speedFull tech treeHidden civsTurbo modeCheats
Victory
Defeat
🇨🇴 Teutons · Colombia
694
+16
🇦🇷 Italians · Argentina
691
-16
LastDance
8:20 Loom
9:03 Loom
11:17 Feudal Age
11:59 Double-Bit Axe
14:55 Gold Mining
21:34 Castle Age
20:47 Forging
22:31 Crossbowman
22:37 Crossbowman
27:18 Fletching
30:16 Thumb Ring
32:24 Wheelbarrow
32:17 Ballistics
34:51 Horse Collar
38:16 Bodkin Arrow
38:23 Padded Archer Armor
38:29 Scale Barding Armor
42:43 Hand Cart
48:31 Imperial Age
46:57 Light Cavalry
47:47 Bloodlines
47:44 Husbandry
47:59 Bloodlines
48:06 Bow Saw
48:13 Stone Mining
49:40 Iron Casting
50:06 Chain Barding Armor
52:08 Blast Furnace
51:09 Bracer
51:57 Stone Shaft Mining
51:25 Heavy Plow
51:43 Arbalester
54:50 Plate Barding Armor
54:31 Leather Archer Armor
56:20 Hussar
salomon.777
0:26 Loom
12:06 Feudal Age
13:51 Double-Bit Axe
14:37 Double-Bit Axe
15:01 Horse Collar
17:33 Castle Age
18:12 Wheelbarrow
24:12 Ballistics
25:23 Fervor
25:34 Sanctity
26:53 Bow Saw
27:09 Heavy Plow
29:54 Scale Mail Armor
29:55 Padded Archer Armor
29:48 Fletching
29:51 Elite Skirmisher
33:17 Bodkin Arrow
37:58 Imperial Age
40:58 Elite Teutonic Knight
41:59 Conscription
42:15 Hoardings
49:22 Gold Mining
49:23 Stone Mining
50:48 Two-Man Saw
50:34 Forging
50:40 Chain Mail Armor
50:43 Leather Archer Armor
52:47 Chemistry
52:23 Hand Cart
51:54 Town Watch
53:17 Masonry
55:12 Crop Rotation
55:32 Town Patrol
56:29 Crenellations
56:57 Iron Casting
56:53 Plate Mail Armor
67:21 Arson
67:19 Man-at-Arms
69:16 Long Swordsman
69:18 Pikeman
Connection lost

Rejoining the realm…

Still unreachable

The connection could not be restored.

Session expired

The server has moved on; the page needs a fresh start.